 Dungeon Crawl Stone Soup version 0.31-a0-544-gceb718ecc6 (webtiles) character file.

Game seed: 5957319507416856617

628 LeprechaunX the Changeling (level 7, -4/46 HPs)
             Began as an Octopode Shapeshifter on Aug 16, 2023.
             Was an Initiate of Ru.
             Engulfed by a cloud of steam (10 damage)
             ... on level 6 of the Dungeon.
             The game lasted 00:05:33 (4149 turns).

LeprechaunX the Changeling (Octopode Shapeshifter)  Turns: 4149, Time: 00:05:34

Health: -4/46      AC:  1    Str: 16    XL:     7   Next: 48%
Magic:  7/7        EV: 14    Int: 10    God:    Ru [......]
Gold:   351        SH:  0    Dex: 13    Spells: 6/6 levels left

rFire   . .          .
                       - Unarmed
rCold   . . .        (no shield)
rNeg    . . .        (helmet currently unavailable)
rPois   +            (no amulet)
rElec   .            B - ring of poison resistance
rCorr   .            (no ring)
SInv    .            (no ring)
Will    .....        (no ring)
Stlth   ++           (no ring)
HPRegen 0.27/turn    (no ring)
MPRegen 0.10/turn    (no ring)
                     (no ring)

%: no passive effects
@: beast-form
A: beast (slay +3), almost no armour, amphibious, 8 rings, camouflage 1,
gelatinous body 1, (nimble swimmer 1), tentacles
a: Begin Untransformation, Renounce Religion


You were on level 6 of the Dungeon.
You worshipped Ru.
Ru was noncommittal.
You were a hulking beast.
You visited 2 branches of the dungeon, and saw 7 of its levels.

You collected 351 gold pieces.

Inventory:

Hand Weapons
 w - the +8 dagger "Boqits" {protect, *Slow +Blink SInv}
   (You found it on level 4 of the Dungeon)

   SInv:      It lets you see invisible.
   +Blink:    It lets you blink.
   *Slow:     It may slow you when you take damage.
Missiles
 q - 5 javelins
 s - 6 silver javelins
Jewellery
 B - a ring of poison resistance (left tentacle)
Talismans
 b - a beast talisman (active)
 c - a flux talisman
Wands
 D - a wand of roots (4)
Scrolls
 i - a scroll of torment
 j - a scroll of amnesia
 k - a scroll of enchant weapon
 l - 2 scrolls of teleportation
 m - 4 scrolls of blinking
 o - 2 scrolls of fog
 p - 2 scrolls of enchant armour {unknown}
 u - a scroll of fear {unknown}
 y - a scroll of noise {unknown}
 z - a scroll of brand weapon {unknown}
 A - a scroll of revelation {unknown}
Potions
 a - 2 potions of lignification
 d - a potion of mutation {unknown}
 e - 3 potions of enlightenment {unknown}
 f - 2 potions of haste {unknown}
 h - a potion of invisibility {unknown}
 n - a potion of berserk rage {unknown}
 r - 4 potions of curing {unknown}
 t - 4 potions of ambrosia {unknown}
 v - 3 potions of might {unknown}
 x - 2 potions of attraction {unknown}
 C - a potion of cancellation {unknown}


   Skills:
 + Level 3.3 Fighting
 - Level 2.0 Throwing
 + Level 3.8 Dodging
 + Level 4.3 Unarmed Combat
 * Level 5.0 Shapeshifting


You had 6 spell levels left.
You didn't know any spells.
Your spell library contained the following spells:

 Spells                   Type           Power      Damage    Failure   Level
 Vhi's Electric Charge    Tloc/Air       0%         N/A       75%         3
 Arcjolt                  Conj/Air       0%         1d10      100%        5
 Maxwell's Capacitive Co  Air            0%         ∞         100%        8


Dungeon Overview and Level Annotations

Branches:
Dungeon (6/15)             Temple (1/1) D:4

Altars:
Ashenzari
Cheibriados
Dithmenos
Fedhas
Gozag
Hepliaklqana
Makhleb
Nemelex Xobeh
Qazlal
Ru
Sif Muna
Trog
Uskayaw
Vehumet
Wu Jian
Xom
Yredelemnul
Zin
The Shining One


Innate Abilities, Weirdness & Mutations

You are a hulking beast.
Your limbs bulge with bestial killing power. (Slay +3)
You cannot wear most types of armour.
You are amphibious.
You can wear up to eight rings at the same time.
Your skin changes colour to match your surroundings (Stealth+).
Your rubbery body absorbs attacks. (AC +1, EV +1)
((You are camouflaged when in or above water. (Stealth+)))
You have tentacles for arms and can constrict up to eight enemies at once.


Message History

You tentacle-slap the acid dragon.
Your tentacle-slap misses the acid dragon.
You squeeze the acid dragon!
The acid dragon is heavily wounded.
The acid dragon bites you! The acid dragon misses you.
The steam dragon hisses angrily.
You tentacle-slap the acid dragon.
The acid dragon is severely wounded.
The acid dragon barely misses you. The acid dragon claws you.
You tentacle-slap the acid dragon.
The acid dragon is almost dead.
The acid dragon bites you. The acid dragon closely misses you.
You tentacle-slap the acid dragon. Your squeeze misses the acid dragon.
The acid dragon is almost dead.
The acid dragon closely misses you. The acid dragon barely misses you.
You bludgeon the acid dragon!
You kill the acid dragon!
The acid dragon scales are intact enough to wear.
Your Shapeshifting skill increases to level 5!
You closely miss the steam dragon. You tentacle-slap the steam dragon.
You squeeze the steam dragon!
The steam dragon is heavily wounded.
The steam dragon bites you! The steam dragon closely misses you.
You tentacle-slap the steam dragon. You squeeze the steam dragon!
The steam dragon is almost dead.
The steam dragon breathes steam at you. The ball of steam hits you.
* * * LOW HITPOINT WARNING * * *
You closely miss the steam dragon.
You squeeze the steam dragon, but do no damage.
The steam dragon is almost dead.
You are engulfed in a cloud of scalding steam.
* * * LOW HITPOINT WARNING * * *
The steam dragon bites you but does no damage.
The steam dragon barely misses you.
You tentacle-slap the steam dragon.
You kill the steam dragon!
The steam dragon scales are intact enough to wear.
You are engulfed in a cloud of scalding steam.
You die...

#. #.#### ....
#.#.. #+#
...... #.#.#
#...
.......l#.#.###
#....
.D...........#
#.#...
...######.#.#
#.8.8.8 .
##.#.###[..§§..
#.....[h..§§.$.
#.######...§§..
#.# #.8.8.8 ##
#.# #.#?.. .##
#.# #....
.<########.#
#...
...........#
#+#
...#########
...#


There were no monsters in sight!

Vanquished Creatures
  A steam dragon (D:6)
  An acid dragon (D:6)
  A bullfrog (D:5)
  A scorpion (D:4)
  4 hounds
  An iguana (D:6)
  2 orc wizards (D:4)
  3 gnolls (D:4)
  7 adders
  A shadow imp (D:6)
  A white imp (D:6)
  2 dart slugs
  8 orcs
  4 ball pythons
  4 bats
  12 endoplasms
  4 giant cockroaches
  5 goblins
  8 hobgoblins
  6 kobolds
  7 quokkas
  5 frilled lizards
  7 rats
  A spectral orc (D:5)
96 creatures vanquished.

Notes
Turn   | Place    | Note
-------+----------+-------------------------------------------
     0 | D:1      | LeprechaunX the Octopode Shapeshifter began the quest for
                  | the Orb.
     0 | D:1      | Reached XP level 1. HP: 13/13 MP: 1/1
     1 | D:1      | You fall into a shaft and drop 1 floor!
   112 | D:1      | Reached XP level 2. HP: 12/18 MP: 2/2
   212 | D:1      | Found a faded altar of an unknown god.
   451 | D:1      | Reached XP level 3. HP: 22/23 MP: 3/3
  1934 | D:3      | Reached XP level 4. HP: 22/29 MP: 4/4
  2212 | D:3      | Found a broken altar of Ashenzari.
  2634 | D:4      | Reached XP level 5. HP: 21/34 MP: 5/5
  2706 | D:4      | Identified the +8 dagger "Boqits" {protect, *Slow +Blink
                  | SInv}
  2739 | D:4      | Found a shadowy altar of Dithmenos.
  2754 | D:4      | Reached skill level 1 in Throwing
  2754 | D:4      | Reached skill level 4 in Shapeshifting
  2756 | D:4      | Reached XP level 6. HP: 30/41 MP: 6/6
  3058 | D:4      | Found an opulent altar of Gozag.
  3071 | D:4      | Found a staircase to the Ecumenical Temple.
  3305 | Temple   | Entered the Ecumenical Temple
  3328 | Temple   | Became a worshipper of Ru the Awakened
  3615 | D:5      | Entered Level 5 of the Dungeon
  3838 | D:5      | Reached XP level 7. HP: 34/46 MP: 7/7
  3900 | D:5      | Found a hazy altar of Hepliaklqana.
  3998 | D:5      | Found a basalt altar of Yredelemnul.
  4045 | D:6      | Noticed a steam dragon
  4146 | D:6      | Reached skill level 5 in Shapeshifting
  4149 | D:6      | Killed a steam dragon
  4149 | D:6      | Engulfed by a cloud of steam

Illustrated notes

Levels and vault maps discovered:
D:1:      onia_arrival_mini_maze, layout_rooms,
          hellmonk_ecumenical_altar_inner_sanctum, minmay_hexomino_u4
D:2:      layout_basic, minmay_misc_feat_diagonals, hangedman_glass_teeth,
          minmay_misc_feat_chi
D:3:      layout_loops_ring, mainiacjoe_overflow_24_doors, grunt_ministairs_6,
          minmay_randomly_rotated_circles
D:4:      layout_basic, nicolae_dithmenos_shadow_blocks, grunt_gozag_statues,
          minmay_temple_entry_antechambers
D:5:      layout_rooms, yredelemnul_forgotten_temple_becter,
          worldfamousw_hep_ancestral_shrine
D:6:      layout_loops_cross, dk_noncrumbling_3
Temple:   eino_temple_lava

Skill      XL: |  1  2  3  4  5  6  7 |
---------------+----------------------+-----
Fighting       | 2 3 |  3.3
Throwing       | 1 2 |  2.0
Dodging        | 3 |  3.8
Shapeshifting  | 4 5 |  5.0
Unarmed Combat | 4 |  4.3

Action                     |  1- 3 |  4- 6 |  7- 9 || total
---------------------------+-------+-------+-------++-------
  Melee: Unarmed           |    71 |   101 |    19 ||   191
         Constrict         |    21 |    26 |     3 ||    50
         Tentacles         |    12 |    19 |     8 ||    39
         Punch             |     1 |     3 |     1 ||     5
    Use: Scroll            |       |       |     6 ||     6
   Stab: Sleeping          |     8 |     9 |       ||    17
 Armour: Skin              |     2 |     6 |     1 ||     9
  Dodge: Dodged            |    34 |    64 |    15 ||   113

Table legend: (Time is in decaauts)
 A = Elapsed time spent in this place.
 B = Non-inter-level travel time spent in this place.
 C = Inter-level travel time spent in this place.
 D = Time resting spent in this place.
 E = Time spent auto-exploring this place.
 F = Levels seen in this place.
 G = Mean time per level.
                   A        B        C        D        E       F      G
               +--------+--------+--------+--------+--------+-----+--------+
         Total |   4135 |   3758 |    377 |    137 |   3044 |   7 |  590.7 |
       Dungeon |   4102 |   3756 |    346 |    137 |   3044 |   6 |  683.7 |
        Temple |     32 |      2 |     30 |      0 |      0 |   1 |   32.0 |
               +--------+--------+--------+--------+--------+-----+--------+

Top non-repeatable levels by time:
     D:2: 1243 daAuts
     D:4: 960 daAuts
     D:3: 694 daAuts
     D:1: 672 daAuts
     D:5: 424 daAuts
     D:6: 106 daAuts
  Temple: 32 daAuts
